 Dungeon Crawl Stone Soup version 0.30-a0-121-gb27577e5d9 (webtiles) character file.

Game seed: 15025364366562908757

147 KittyKat the Grave Robber (level 5, -5/37 HPs)
             Began as a Demonspawn Necromancer on Sept 14, 2022.
             Killed from afar by Natasha (7 damage)
             ... with a puff of flame
             ... on level 2 of the Dungeon.
             The game lasted 00:07:13 (2527 turns).

KittyKat the Grave Robber (Demonspawn Necromancer)  Turns: 2527, Time: 00:07:14

Health: -5/37      AC:  2    Str:  8    XL:     5   Next: 8%
Magic:  4/8        EV: 12    Int: 24    God:
Gold:   83         SH:  0    Dex: 14    Spells: 1/9 levels left

rFire   . . .      SeeInvis .    k - +0 falchion
rCold   . . .      Faith    .    (no shield)
rNeg    . . .      Spirit   .    a - +0 robe
rPois   .          Reflect  .    (no helmet)
rElec   .          Harm     .    (no cloak)
rCorr   .          Rampage  .    (no gloves)
Will    .....                    (no boots)
Stlth   ++........               (no amulet)
HPRegen 0.12/turn                c - +6 ring of intelligence
MPRegen 0.11/turn                (no ring)

@: no status effects
A: condensation shield, demonic touch 1
a: no special abilities


You were on level 2 of the Dungeon.
You visited 1 branch of the dungeon, and saw 2 of its levels.

You collected 83 gold pieces.

Inventory:

Hand Weapons
 k - a +0 falchion (weapon)
Armour
 a - a +0 robe (worn)
Jewellery
 c - a +6 ring of intelligence (left hand)
Scrolls
 g - a scroll of amnesia {unknown}
 h - a scroll of brand weapon {unknown}
 i - a scroll of enchant weapon {unknown}
 j - a scroll of identify {unknown}
 l - a scroll of magic mapping {unknown}
Potions
 b - a potion of magic
 d - 2 potions of flight {unknown}
 e - a potion of curing {unknown}
 f - 2 potions of cancellation {unknown}


   Skills:
 + Level 1.4 Fighting
 * Level 1.9 Long Blades
 - Level 1.7 Dodging
 - Level 1.7 Stealth
 - Level 2.6 Spellcasting
 + Level 5.8 Necromancy


You had one spell level left.
You knew the following spells:

 Your Spells              Type           Power      Damage    Failure   Level
a - Necrotise             Necr           100%       1d9       1%          1
b - Vampiric Draining     Necr           30%        2d8       3%          3
c - Animate Dead          Necr           30%        N/A       11%         4

Your spell library contained the following spells:

 Spells                   Type           Power      Damage    Failure   Level
 Agony                    Necr           30%        N/A       28%         5


Dungeon Overview and Level Annotations

Branches:
Dungeon (2/15)

Altars:

Annotations:
D:2 Natasha


Innate Abilities, Weirdness & Mutations

A meltable shield of frost defends you. (SH +0)
Your touch may inflict minor irresistible damage on your foes.


Message History

Aiming: Necrotise (safe; 1% risk of failure)
Press: ? - help, Shift-Dir - straight line, f - Natasha
Aim: Natasha, carrying a wand of flame (24) (ally target, chance to affect: 83%) Natasha barely resists.
Natasha casts a spell.
Casting: Necrotise (safe; 1% risk of failure)
Confirm with . or Enter, or press ? or * to list all spells.
Aiming: Necrotise (safe; 1% risk of failure)
Press: ? - help, Shift-Dir - straight line, f/p - Natasha
Aim: Natasha, carrying a wand of flame (24) (ally target, chance to affect: 83%) Natasha writhes in agony.
Natasha zaps a wand.
The puff of flame hits you!
Your condensation shield dissipates!
* * * LOW HITPOINT WARNING * * *
Casting: Necrotise (safe; 1% risk of failure)
Confirm with . or Enter, or press ? or * to list all spells.
Aiming: Necrotise (safe; 1% risk of failure)
Press: ? - help, Shift-Dir - straight line, f/p - Natasha
Aim: Natasha, carrying a wand of flame (23) (lightly wounded, ally target, chance to affect: 83%) Natasha writhes in agony!
Natasha zaps a wand.
The puff of flame misses you.
The crimson imp blinks!
You miss the crimson imp.
Natasha zaps a wand.
The puff of flame hits your gnoll zombie!
The crimson imp hits you.
* * * LOW HITPOINT WARNING * * *
Your gnoll zombie closely misses Natasha.
Natasha zaps a wand.
The puff of flame hits your gnoll zombie!
Your gnoll zombie is destroyed!
You hit the crimson imp.
The crimson imp is lightly wounded.
The crimson imp hits you but does no damage.
Casting: Necrotise (safe; 1% risk of failure)
Confirm with . or Enter, or press ? or * to list all spells.
The spell is quite dangerous to miscast (11% risk of failure)!
Continue anyway?
Okay, then.
Casting: Animate Dead (quite dangerous; 11% risk of failure)
Confirm with . or Enter, or press ? or * to list all spells.
You can't see any susceptible monsters within range! (Use Z to cast anyway.) Natasha zaps a wand.
The puff of flame hits you!
You die...

#.#.#####)..##.#.#.# #
#.#.# #...##<#.#.# # #.#.#
#...####.#.# # #.#.#
#...####.#.# #
#...########.......# #
###..#.............########
#..#.............#.....##
#..#.......###.#.#.....##
#.)#....@..# #.#.#.......
#..).......###.#.#.....##
#.##...5.........#.....#
#.##.............#.....#
#.##.............#.#####
#.####.h######.#...# ...
..... #.#..## ... .......
#....# ... ...##.. #...##


You could see Natasha and a crimson imp (summoned).

Vanquished Creatures
  Natasha (twice) (D:2)
  3 gnolls (D:2)
  An adder (D:2)
  2 worms (D:2)
  A dart slug (D:1)
  4 bats
  3 endoplasms
  2 giant cockroaches
  6 goblins (D:1)
  5 hobgoblins
  3 quokkas
  4 ball pythons
  9 frilled lizards
  7 kobolds
  2 rats (D:1)
54 creatures vanquished.

Vanquished Creatures (collateral kills)
  A giant cockroach (D:1)
  A ball python (D:2)
2 creatures vanquished.

Vanquished Creatures (others)
  2 gnoll zombies (D:2)
2 creatures vanquished.

Grand Total: 58 creatures vanquished

Notes
Turn   | Place    | Note
-------+----------+-------------------------------------------
     0 | D:1      | KittyKat the Demonspawn Necromancer began the quest for the
                  | Orb.
     0 | D:1      | Reached XP level 1. HP: 13/13 MP: 3/3
   377 | D:1      | Discovered your monstrous ancestry.
   377 | D:1      | Gained mutation: Your touch may inflict minor irresistible
                  | damage on your foes. [demonic ancestry]
   377 | D:1      | Reached XP level 2. HP: 19/19 MP: 3/5
   501 | D:1      | Found a faded altar of an unknown god.
   560 | D:1      | Reached skill level 5 in Necromancy
   785 | D:1      | Reached XP level 3. HP: 24/24 MP: 3/6
   863 | D:1      | Learned a level 3 spell: Vampiric Draining
  1871 | D:2      | Noticed Natasha
  1887 | D:2      | Killed Natasha
  1888 | D:2      | Reached skill level 1 in Long Blades
  1888 | D:2      | Gained mutation: A meltable shield of frost defends you.
                  | (SH +0) [demonic ancestry]
  1888 | D:2      | Reached XP level 4. HP: 31/31 MP: 3/7
  1925 | D:2      | Noticed Natasha
  1932 | D:2      | Killed Natasha
  1933 | D:2      | Reached skill level 1 in Fighting
  2333 | D:2      | Learned a level 4 spell: Animate Dead
  2499 | D:2      | Reached XP level 5. HP: 36/37 MP: 4/8
  2503 | D:2      | Noticed Natasha
  2527 | D:2      | Killed from afar by Natasha

Illustrated notes

Levels and vault maps discovered:
D:1:      dpeg_arrival_chambers_temple_mockup, layout_basic,
          dreamdust_ecumenical_altar_statues, chequers_serial_rivers_room_a,
          minmay_misc_feat_pillars, st_stairs_12, minmay_hexomino_f4
D:2:      layout_basic, uniq_natasha

Skill      XL: |  1  2  3  4 |
---------------+-------------+-----
Necromancy     | 5 |  5.8
Long Blades    | 1 |  1.9
Fighting       | 1 |  1.4
Dodging        | |  1.7
Stealth        | |  1.7
Spellcasting   | |  2.6

Action                   |  1- 3 |  4- 6 || total
-------------------------+-------+-------++-------
Melee: Unarmed           |    12 |       ||    12
       Touch             |     6 |     2 ||     8
       Falchion          |     6 |    21 ||    27
 Cast: Necrotise         |    69 |     7 ||    76
       Animate Dead      |       |     2 ||     2
       Vampiric Draining |       |     1 ||     1
  Use: Potion            |       |     1 ||     1
 Stab: Sleeping          |     1 |       ||     1
Armor: Robe              |     4 |     4 ||     8
Dodge: Dodged            |    18 |    18 ||    36
Block: Other             |       |     4 ||     4

Table legend: (Time is in decaauts)
 A = Elapsed time spent in this place.
 B = Non-inter-level travel time spent in this place.
 C = Inter-level travel time spent in this place.
 D = Time resting spent in this place.
 E = Time spent auto-exploring this place.
 F = Levels seen in this place.
 G = Mean time per level.
                   A        B        C        D        E       F      G
               +--------+--------+--------+--------+--------+-----+--------+
         Total |   2523 |   2523 |      0 |    588 |   1161 |   2 | 1261.5 |
       Dungeon |   2523 |   2523 |      0 |    588 |   1161 |   2 | 1261.5 |
               +--------+--------+--------+--------+--------+-----+--------+

Top non-repeatable levels by time:
     D:1: 1716 daAuts
     D:2: 807 daAuts
